 Dungeon Sprint DCSS version 0.30.1-9-gdf580d7c3d (webtiles) character file.

Game seed: 2505127738272175629

4421 Heoruswealwe the Executioner (level 10, -11/104 HPs)
             Began as a Hill Orc Fighter on Sept 26, 2023.
             Was an Initiate of Gozag.
             Mangled by an 11-headed hydra (12 damage)
             ... in the Dungeon (Sprint IX: "|||||||||||||||||||||||||||||").
             The game lasted 00:08:57 (878 turns).

Heoruswealwe the Executioner (Hill Orc Fighter)      Turns: 878, Time: 00:08:58

Health: -11/104    AC: 21    Str: 24    XL:     10   Next: 36%
Magic:  3/3        EV:  7    Int:  8    God:    Gozag
Gold:   1029       SH:  4    Dex: 10    Spells: 9/9 levels left

rFire   . . .        a - +3 war axe (antimagic)
rCold   . . .        d - +0 buckler
rNeg    . . .        c - +0 plate armour
rPois   .            g - +0 helmet
rElec   .            (no cloak)
rCorr   .            f - +0 pair of gloves
SInv    .            (no boots)
Will    .....        (no amulet) Stlth
                     k - +2 ring of protection
HPRegen 0.37/turn    (no ring)
MPRegen 0.08/turn

%: no teleportation
@: mighty, lethally poisoned (-11 -> -12), gold aura
A: no striking features
a: Renounce Religion, Potion Petition, Call Merchant, Bribe Branch


You were in the Dungeon.
You worshipped Gozag.
Gozag was most pleased with you.
You visited 1 branch You collected 1029 gold pieces.

Inventory:

Hand Weapons
 a - a +3 antimagic war axe (weapon)
 b - a +0 arbalest
 e - a +0 broad axe
Armour
 c - a +0 plate armour (worn)
 d - a +0 buckler (worn)
 f - a +0 pair of gloves (worn)
 g - a +0 helmet (worn)
Jewellery
 k - a +2 ring of protection (left hand)
Wands
 h - a wand of roots (10)
Scrolls
 j - 2 scrolls of blinking
 n - 2 scrolls of enchant weapon
 o - 2 scrolls of enchant armour
 p - a scroll of identify
Potions
 i - a potion of curing
 l - 4 potions of heal wounds


   Skills:
 + Level 14.7 Fighting
 * Level 21.4 Axes
 + Level 13.6 Armour
 - Level 3.2 Shields


You had 9 spell levels left.
You didn't know any spells.
Your spell library was empty.

Dungeon Overview and Level Annotations

Branches:
Dungeon (1/1)

Altars:
Cheibriados
Dithmenos
Elyvilon
Fedhas
Gozag
Hepliaklqana
Kikubaaqudgha
Makhleb
Nemelex Xobeh
Okawaru
Qazlal
Ru
Sif Muna
Trog
Uskayaw
Vehumet
Wu Jian
Xom
Yredelemnul
Zin
The Shining One
Beogh
Jiyva
Lugonu


Message History

The ten-headed hydra bites you but does no damage.
You block the ten-headed hydra's attack.
The ten-headed hydra bites you but does no damage. x2
The ten-headed hydra bites you.
The ten-headed hydra bites you but does no damage. x2
You block the ten-headed hydra's attack.
The ten-headed hydra bites you but does no damage.
The ten-headed hydra bites you.
You hack one of the ten-headed hydra's heads off!
The nine-headed hydra grows two more!
You slice the 11-headed hydra!!
The 11-headed hydra is almost dead.
You feel sick.
The blink frog is distracted by your dazzling golden aura.
You block the 11-headed hydra's attack.
The 11-headed hydra bites you but does no damage.
The 11-headed hydra closely misses you.
The 11-headed hydra bites you but does no damage.
The 11-headed hydra bites you.
* * * LOW HITPOINT WARNING * * *
The 11-headed hydra bites you but does no damage.
The 11-headed hydra bites you!
* * * LOW HITPOINT WARNING * * *
The 11-headed hydra bites you.
* * * LOW HITPOINT WARNING * * *
The 11-headed hydra barely misses you.
The 11-headed hydra bites you but does no damage.
The 11-headed hydra bites you.
* * * LOW HITPOINT WARNING * * *
You barely miss the 11-headed hydra.
The 11-headed hydra is almost dead.
You feel sick. The 11-headed hydra bites you!
* * * LOW HITPOINT WARNING * * *
You block the 11-headed hydra's attack. The 11-headed hydra bites you.
* * * LOW HITPOINT WARNING * * *
The 11-headed hydra bites you but does no damage. x2
The 11-headed hydra bites you.
* * * LOW HITPOINT WARNING * * *
The 11-headed hydra bites you!
You die...
Your body crumbles into a pile of gold.

▓.▓.▓.▓
▓.▓.▓.▓
▓.▓.▓[▓
$
▓.▓.▓)▓
$
▓'▓.▓?▓
$
▓_▓.▓.▓
$
▓_▓.▓.▓
$
▓_▓.▓.▓
$
▓_▓.▓@▓
$
▓_▓.▓D▓
$
▓_▓.▓h▓
$
▓_▓.▓S▓
$
▓_▓.▓F▓
$
▓_▓.▓F▓
$
▓_▓.▓l▓
$
▓_▓.▓.▓
▓_▓.▓ $


You could see a 11-headed hydra, a polar bear, a komodo dragon, a cane toad, a
blink frog (unaware) and a water moccasin.

Vanquished Creatures
  A centaur warrior (D)
  2 two-headed ogres (D)
  A tengu warrior (D)
  An ugly thing (D)
  A cane toad (D)
  A gargoyle (D)
  An unseen horror (D)
  A meliai (D)
  A yak (D)
  A vampire mosquito (D)
  A water moccasin (D)
  2 orc warriors (D)
  A hound (D)
  An iguana (D)
  An orc wizard (D)
  A dart slug (D)
  An orc (D)
  2 endoplasms (D)
  2 giant cockroaches (D)
  A bat (D)
24 creatures vanquished.

Notes
Turn   | Place    | Note
-------+----------+-------------------------------------------
     0 | D        | Heoruswealwe the Hill Orc Fighter began the quest for the
                  | Orb.
     0 | D        | Reached XP level 1. HP: 19/19 MP: 1/1
     6 | D        | Reached skill level 3 in Axes
    13 | D        | Reached skill level 4 in Axes
    32 | D        | Noticed an orc wizard
    32 | D        | Noticed a hound
    32 | D        | Noticed an iguana
    39 | D        | Killed an orc wizard
    40 | D        | Reached skill level 5 in Fighting
    40 | D        | Reached skill level 6 in Axes
    40 | D        | Reached XP level 2. HP: 24/29 MP: 2/2
    40 | D        | Reached XP level 3. HP: 29/36 MP: 3/3
    53 | D        | Reached skill level 7 in Axes
    53 | D        | Reached skill level 5 in Armour
    53 | D        | Reached XP level 4. HP: 33/44 MP: 4/4
    59 | D        | Reached skill level 8 in Axes
    74 | D        | Found a roughly hewn altar of Beogh.
    74 | D        | Found a snail-covered altar of Cheibriados.
    74 | D        | Found a shadowy altar of Dithmenos.
    74 | D        | Found a white marble altar of Elyvilon.
    74 | D        | Found a blossoming altar of Fedhas.
    74 | D        | Found an opulent altar of Gozag.
    75 | D        | Found a hazy altar of Hepliaklqana.
    76 | D        | Found a viscous altar of Jiyva.
    77 | D        | Found an ancient bone altar of Kikubaaqudgha.
    78 | D        | Found a corrupted altar of Lugonu.
    79 | D        | Found a burning altar of Makhleb.
    80 | D        | Found a sparkling altar of Nemelex Xobeh.
    81 | D        | Found an iron altar of Okawaru.
    82 | D        | Became a worshipper of Gozag Ym Sagoz the Greedy
    83 | D        | Found a stormy altar of Qazlal.
    84 | D        | Found a sacrificial altar of Ru.
    85 | D        | Found a shimmering blue altar of Sif Muna.
    86 | D        | Found a bloodstained altar of Trog.
    87 | D        | Found a hide-covered altar of Uskayaw.
    88 | D        | Found a radiant altar of Vehumet.
    89 | D        | Found an ornate altar of the Wu Jian Council.
    90 | D        | Found a shimmering altar of Xom.
    91 | D        | Found a basalt altar of Yredelemnul.
    92 | D        | Found a glowing silver altar of Zin.
    93 | D        | Found a glowing golden altar of the Shining One.
   144 | D        | Noticed a yak
   144 | D        | Noticed a two-headed ogre
   144 | D        | Noticed a gargoyle
   144 | D        | Noticed a two-headed ogre
   144 | D        | Noticed an orc warrior
   144 | D        | Noticed an orc warrior
   150 | D        | Killed a yak
   151 | D        | Reached skill level 11 in Axes
   151 | D        | Reached XP level 5. HP: 50/53 MP: 1/5
   151 | D        | Reached XP level 6. HP: 58/61 MP: 2/6
   162 | D        | Killed a two-headed ogre
   163 | D        | Reached skill level 10 in Fighting
   163 | D        | Reached skill level 15 in Axes
   163 | D        | Reached XP level 7. HP: 31/73 MP: 2/7
   177 | D        | Killed a gargoyle
   178 | D        | Reached skill level 16 in Axes
   178 | D        | Reached skill level 10 in Armour
   178 | D        | Reached XP level 8. HP: 29/82 MP: 2/8
   180 | D        | Killed a two-headed ogre
   181 | D        | Reached skill level 17 in Axes
   181 | D        | Reached XP level 9. HP: 18/90 MP: 3/9
   193 | D        | Reached skill level 18 in Axes
   448 | D        | Noticed a tengu warrior
   448 | D        | Noticed a centaur warrior
   448 | D        | Noticed a meliai
   448 | D        | Noticed a green ugly thing
   454 | D        | Killed an unseen horror
   472 | D        | Killed a tengu warrior
   473 | D        | Reached skill level 19 in Axes
   476 | D        | Killed a centaur warrior
   477 | D        | Reached skill level 20 in Axes
   477 | D        | Reached XP level 10. HP: 30/102 MP: 3/10
   489 | D        | Killed a green ugly thing
   490 | D        | Reached skill level 21 in Axes
   857 | D        | Noticed a cane toad
   857 | D        | Noticed a cane toad
   858 | D        | Noticed a six-headed hydra
   871 | D        | Killed a cane toad
   878 | D        | HP: 5/104 [11-headed hydra (11)]
   878 | D        | HP: 2/104 [11-headed hydra (3)]
   878 | D        | Mangled by an 11-headed hydra

Illustrated notes

Levels and vault maps discovered:
D:        linesprint [early_d, line_temple, items_1, d_10, items_2, lair_1,
          lair_end, items_3, orc_1, orc_end, items_4, d_15, swamp_1, shoals_1,
          snake_1, spider_1, d_20, vaults_1, items_5, swamp_end, shoals_end,
          snake_end, spider_end, vaults_end, d_27, items_6, zot_1, zot_end,
          crypt_end, forest_end, elf_end, slime_end, tomb_end, abyss_end,
          pan_hell_end]

Skill      XL: |  1  2  3  4  5  6  7  8  9 10 |
---------------+-------------------------------+-----
Axes           | 6 7 11 15 16 17 20 21 | 21.4
Fighting       | 5 8 10 11 12 13 14 | 14.7
Armour         | 4 5 7 9 10 11 12 13 | 13.6
Shields        | |  3.2

Action                     |  1- 3 |  4- 6 |  7- 9 | 10-12 || total
---------------------------+-------+-------+-------+-------++-------
  Melee: War axe           |    31 |    28 |    41 |    30 ||   130
    Use: Potion            |       |     1 |    10 |     1 ||    12
         Scroll            |       |       |     1 |       ||     1
 Armour: Scale mail        |    10 |     2 |       |       ||    12
         Chain mail        |       |     2 |     5 |       ||     7
         Plate armour      |       |       |    15 |    34 ||    49
  Dodge: Dodged            |    20 |     7 |    10 |     7 ||    44
  Block: Buckler           |     4 |     9 |     5 |     8 ||    26
